 Dungeon Crawl Stone Soup version 0.26.1-11-gd32895ea62 (webtiles) character file.

Game seed: 1621722544926546177

220 Kukuleta the Grasshopper (level 5, -1/48 HPs)
             Began as a Naga Warper on June 23, 2021.
             Killed from afar by Natasha (11 damage)
             ... with a magic dart
             ... on level 3 of the Dungeon.
             The game lasted 00:15:30 (3674 turns).

Kukuleta the Grasshopper (Naga Warper)              Turns: 3674, Time: 00:15:30

Health: -1/48      AC:  3    Str: 13    XL:     5   Next: 97%
Magic:  7/9        EV:  9    Int: 14    God:
Gold:   122        SH:  0    Dex: 11    Spells: 7/9 levels left

rFire    . . .     SeeInvis +   a - +0 falchion
rCold    + . .     Faith    .   (no shield)
rNeg     . . .     Spirit   .   b - +0 leather armour
rPois    +         Reflect  .   (no helmet)
rElec    .         Harm     .   (no cloak)
rCorr    .         Rampage  .   (no gloves)
Will     .....                  (no barding)
Stlth    +.........             (no amulet)
HPRegen  0.16/turn              m - ring of protection from cold
MPRegen  0.11/turn              (no ring)

@: short of breath, very slow
A: large, see invisible, deformed body, poison resistance, slowness 2, spit
poison 1, AC +1
a: Spit Poison


You were on level 3 of the Dungeon.
You visited 1 branch of the dungeon, and saw 3 of its levels.

You collected 122 gold pieces.

Inventory:

Hand Weapons
 a - a +0 falchion (weapon)
Missiles
 e - 5 boomerangs of dispersal (quivered)
 h - 6 boomerangs
Armour
 b - a +0 leather armour (worn)
 c - a +0 pair of gloves
Jewellery
 m - a ring of protection from cold (left hand)
Scrolls
 d - a scroll of blinking
 f - 2 scrolls of teleportation
 n - a scroll of identify
 o - a scroll of magic mapping {unknown}
Potions
 g - 2 potions of attraction {unknown}
 i - a potion of might {unknown}
 j - a potion of heal wounds {unknown}
 k - a potion of curing {unknown}
 l - a potion of lignification {unknown}


   Skills:
 + Level 2.9 Fighting
 + Level 2.9 Long Blades
 - Level 0.8 Throwing
 * Level 2.7 Armour
 - Level 1.5 Dodging
 + Level 2.8 Spellcasting
 + Level 3.8 Translocations


You had 7 spell levels left.
You knew the following spells:

 Your Spells              Type           Power        Failure   Level
a - Blink                 Tloc           N/A          9%          2

Your spell library contained the following spells:

 Spells                   Type           Power        Failure   Level
 Gell's Gravitas          Tloc           6%           17%         3
 Lesser Beckoning         Tloc           6%           17%         3
 Teleport Other           Tloc           12%          17%         3
 Passage of Golubria      Tloc           N/A          50%         4


Dungeon Overview and Level Annotations

Branches:
Dungeon (3/15)

Altars:
Elyvilon
Okawaru
Ru
Sif Muna

Annotations:
D:3 Natasha


Innate Abilities, Weirdness & Mutations

You cannot wear boots.
Your serpentine skin is tough. (AC +1)
You have supernaturally acute eyesight. (SInv)
Armour fits poorly on your strangely shaped body.
Your system is resistant to poisons. (rPois)
You cover ground very slowly.
You can spit poison.


Message History

Casting: Blink (safe; 9% risk of failure)
Confirm with . or Enter, or press ? or * to list all spells.
You blink.
Natasha casts a spell at you. You resist with some effort.
The shadow imp disappears in a puff of smoke!
Your surroundings seem slightly different.
A goblin comes into view. It is wielding a +0 dagger.
The goblin shouts!
An adder comes into view.
Found 15 gold pieces and a glowing flail.
Found two stone staircases leading up.
Press: ? - help, Shift-Dir - straight line, f - goblin
Aim: a goblin, wielding a +0 dagger The splash of poison hits the goblin!
The goblin is poisoned.
You kill the goblin!
The adder hisses angrily.
Natasha casts a spell at you. The magic dart hits you!
You die...

....######...5.........#
...###.................#
.......#...g...........#
............5h........$#
...........##..........#
...####..#..#.......#
... ..............# .
..............#
....S..@.....##
...........$.#
<......)...).#
.....<.......#
.............#
.............#
............##
.....#.....##


You could see Natasha, an adder, a shadow imp (summoned) and a goblin.

Vanquished Creatures
  An ogre (D:2)
  A bullfrog skeleton (D:3)
  A worker ant (D:2)
  2 adders
  An ooze (D:1)
  3 worms
  A dart slug (D:2)
  A leopard gecko (D:3)
  An orc (D:3)
  A ball python (D:1)
  7 bats
  2 giant cockroaches (D:2)
  5 goblins
  7 hobgoblins
  6 kobolds
  4 frilled lizards
  5 rats
49 creatures vanquished.

Notes
Turn   | Place    | Note
-------+----------+-------------------------------------------
     0 | D:1      | Kukuleta the Naga Warper began the quest for the Orb.
     0 | D:1      | Reached XP level 1. HP: 19/19 MP: 3/3
   310 | D:1      | Reached skill level 1 in Armour
   412 | D:1      | Reached XP level 2. HP: 16/26 MP: 5/5
   415 | D:1      | Learned a level 2 spell: Blink
  1552 | D:2      | Reached XP level 3. HP: 31/32 MP: 6/6
  1922 | D:2      | Found a sacrificial altar of Ru.
  2239 | D:2      | Found a white marble altar of Elyvilon.
  2394 | D:2      | Reached XP level 4. HP: 40/40 MP: 7/7
  2747 | D:2      | Found a shimmering blue altar of Sif Muna.
  2893 | D:3      | Noticed an ogre
  2946 | D:2      | Killed an ogre
  2947 | D:2      | Reached XP level 5. HP: 14/48 MP: 1/9
  3590 | D:3      | Found an iron altar of Okawaru.
  3653 | D:3      | Noticed Natasha
  3674 | D:3      | Killed from afar by Natasha

Illustrated notes

Levels and vault maps discovered:
D:1:      dpeg_arrival_rooms_b, layout_loops_ring
D:2:      layout_basic, overflow_temple_1_default, elyvilon_altar_4,
          minmay_misc_feat_diagonals, lemuel_blue_sif_altar
D:3:      layout_rooms, okawaru_trees_2, uniq_natasha

Skill      XL: |  1  2  3  4 |
---------------+-------------+-----
Armour         | 1 2 |  2.7
Fighting       | |  2.9
Long Blades    | |  2.9
Throwing       | |  0.8
Dodging        | |  1.5
Spellcasting   | |  2.8
Translocations | |  3.8

Action                   |  1- 3 |  4- 6 || total
-------------------------+-------+-------++-------
Melee: Falchion          |    91 |    63 ||   154
 Cast: Blink             |     1 |     6 ||     7
 Abil: Spit Poison       |    28 |    12 ||    40
  Use: Scroll            |     4 |     1 ||     5
Armor: Leather armour    |    29 |    24 ||    53
Dodge: Dodged            |    53 |    46 ||    99
       Rpst.: Falchion   |    14 |    15 ||    29
